 Dungeon Crawl Stone Soup version 0.21-a0-274-gc1afaeb (console) character file.

9184 Heronymous the Martial Artist (level 11, -8/117 HPs)
             Began as a Demonspawn Transmuter on Sept 18, 2017.
             Was an Elder of Dithmenos.
             Mangled by an orc warlord
             ... wielding a +3 battleaxe
              (27 damage)
             ... in a bailey.
             The game lasted 02:28:44 (14133 turns).

Heronymous the Martial Artist (DsTm)               Turns: 14133, Time: 02:28:44

Health: -8/117     AC:  9    Str: 25    XL:     11   Next: 19%
Magic:  14/14      EV: 15    Int: 17    God:    Dithmenos [****..]
Gold:   98         SH:  0    Dex: 14    Spells: 16/17 levels left

rFire    x . .     SeeInvis .     - Unarmed
rCold    + . .     Gourm    .   (no shield)
rNeg     . . .     Faith    +   K - +1 robe of Beauty {rPois Int+3 Stlth+}
rPois    +         Spirit   .   (no helmet)
rElec    .         Reflect  .   (no cloak)
rCorr    .         Harm     .   (gloves unavailable)
MR       .....                  (no boots)
Stlth    ..........             y - amulet of a Billion Lovers {Faith Str+4}
HPRegen  0.29/turn              D - +2 ring of protection
MPRegen  0.14/turn              A - ring of ice

@: berserking, wreathed by umbra, heavily drained, very quick
A: claws 3, hooves 1, iridescent scales 2, demonic guardian 1, low mp 1, powered
by death 1, strong 1
a: Shadow Step, Renounce Religion


You were in a bailey.
You worshipped Dithmenos.
Dithmenos was greatly pleased with you.
You were not hungry.

You visited 2 branches of the dungeon, and saw 12 of its levels.
You also visited: Bailey.

You collected 653 gold pieces.
You spent 555 gold pieces at shops.

Inventory:

Missiles
 a - 138 arrows
Armour
 b - a +1 robe
 K - the +1 robe of Beauty (worn) {rPois Int+3 Stlth+}
   (You found it on level 9 of the Dungeon)

   It affects your intelligence (+3).
   It protects you from poison.
   It makes you more stealthy.
Jewellery
 j - an uncursed ring of poison resistance
 n - an uncursed ring of magical power
 v - an uncursed ring of wizardry
 y - the amulet of a Billion Lovers (around neck) {Faith Str+4}
   (You acquired it on level 8 of the Dungeon)

   [amulet of faith]

   It allows you to gain divine favour quickly.
   It affects your strength (+4).
 A - a ring of ice (right claw)
 D - a +2 ring of protection (left claw)
 F - an uncursed ring of protection from cold {unknown}
Wands
 z - a wand of polymorph (19/24)
 P - a wand of lightning (7/15)
Scrolls
 h - 2 scrolls of amnesia
 k - a scroll of teleportation
 o - 3 scrolls of magic mapping
 s - a scroll of noise
 u - 2 scrolls of remove curse
 C - a scroll of identify
 E - a scroll of summoning {unknown}
 I - a scroll of fog {unknown}
 N - a scroll of acquirement
Potions
 i - 8 potions of flight
 x - 2 potions of lignification
 G - a potion of invisibility
 H - a potion of brilliance
 J - 2 potions of mutation
 O - a potion of resistance {unknown}
Books
 c - a book of Changes

   Spells                             Type                      Level
   a - Beastly Appendage              Transmutation                1
   b - Sticks to Snakes               Transmutation                2
   c - Spider Form                    Transmutation/Poison         3
   d - Ice Form                       Ice/Transmutation            4
   e - Blade Hands                    Transmutation                5
 l - a book of Battle

   Spells                             Type                      Level
   a - Infusion                       Charms                       1
   b - Shroud of Golubria             Charms/Translocation         2
   c - Song of Slaying                Charms                       2
   d - Spectral Weapon                Hexes/Charms                 3
   e - Regeneration                   Charms/Necromancy            3
 m - a book of Minor Magic

   Spells                             Type                      Level
   a - Magic Dart                     Conjuration                  1
   b - Blink                          Translocation                2
   c - Call Imp                       Summoning                    2
   d - Slow                           Hexes                        2
   e - Conjure Flame                  Conjuration/Fire             3
   f - Mephitic Cloud                 Conjuration/Poison/Air       3
 p - a book of Cantrips

   Spells                             Type                      Level
   a - Confusing Touch                Hexes                        1
   b - Animate Skeleton               Necromancy                   1
   c - Summon Small Mammal            Summoning                    1
   d - Apportation                    Translocation                1
 t - a Young Poisoner's Handbook

   Spells                             Type                      Level
   a - Sting                          Conjuration/Poison           1
   b - Poisonous Vapours              Poison/Air                   2
   c - Mephitic Cloud                 Conjuration/Poison/Air       3
   d - Olgreb's Toxic Radiance        Poison                       4
   e - Venom Bolt                     Conjuration/Poison           5
 B - a book of Enchantments

   Spells                             Type                      Level
   a - Cause Fear                     Hexes                        4
   b - Yara's Violent Unravelling     Hexes/Transmutation          5
   c - Silence                        Hexes/Air                    5
   d - Deflect Missiles               Charms/Air                   6
   e - Discord                        Hexes                        8
 M - Vehumet's Grimoire of Battle Magic
   (You found it on level 10 of the Dungeon)

   Spells                             Type                      Level
   a - Sting                          Conjuration/Poison           1
   b - Static Discharge               Conjuration/Air              3
   c - Mephitic Cloud                 Conjuration/Poison/Air       3
   d - Fulminant Prism                Conjuration/Hexes            4
   e - Throw Icicle                   Conjuration/Ice              4
   f - Irradiate                      Conjuration/Transmutation    5
Comestibles
 g - a meat ration
 q - 2 fruits
 r - 6 bread rations


   Skills:
 + Level 4.4(3.0) Fighting
 + Level 6.8(5.4) Dodging
 + Level 7.8(6.3) Stealth
 + Level 11.5(9.9) Unarmed Combat
 + Level 3.6(2.3) Spellcasting
 + Level 3.1(1.8) Transmutations
 + Level 1.4(0.2) Evocations


You had 16 spell levels left.
You knew the following spells:

 Your Spells              Type           Power        Failure   Level  Hunger
a - Beastly Appendage     Tmut           #.....       9%          1    #......


Dungeon Overview and Level Annotations

Branches:
Dungeon (11/15)            Temple (1/1) D:4
   Lair: D:8-11         Orc: D:9-12

Altars:
Ashenzari
Cheibriados
Dithmenos
Elyvilon
Fedhas
Gozag
Hepliaklqana
Kikubaaqudgha
Makhleb
Nemelex Xobeh
Okawaru
Qazlal
Ru
Sif Muna
Trog
Uskayaw
Vehumet
Wu Jian
Xom
Yredelemnul
Zin
The Shining One

Shops:
D:10 !

Annotations:
Bailey dricus's ghost, novice DsGl


Innate Abilities, Weirdness & Mutations

You have claws for hands.
You are mostly covered in iridescent scales. (AC +4)
A weak demonic guardian rushes to your aid.
You regenerate a little health from kills.
You have large cloven feet.
Your magical capacity is low. (-10% MP)
Your muscles are strong. (Str +2)


Message History

The orc warlord is moderately wounded.
The orc warlord barely misses you.
The orc warlord hits your quasit with an enchanted battleaxe!
Your quasit dies!
You barely miss the orc warlord.
You kick the orc warlord, but do no damage.
The orc warlord is moderately wounded.
A red film seems to cover your vision as you go berserk!
You feel yourself moving faster!
You feel mighty!
The orc warlord hits you with an enchanted battleaxe!!
* * * LOW HITPOINT WARNING * * *
You scratch the orc warlord. Your kick misses the orc warlord.
The orc warlord is moderately wounded.
You mangle the orc warlord!! You claw the orc warlord!
The orc warlord is heavily wounded.
You closely miss the orc warlord.
You kick the orc warlord, but do no damage.
The orc warlord is heavily wounded.
The orc warlord hits you with an enchanted battleaxe!!
You die...

###.### ###.### ###.....###
###.....###
##.........###.........##
#..........)#...........#
#..........))...).......#
#.....⌠..)..#.....).....#
#.........))#...........#
#...........#.........).#
♣♣♣♣♣♣
###...))....###......og.###
♣♣..♣.♣♣♣ ###.#'#.).).###
###....@#)#.###
♣.....♣.♣###.....###.###
###.###.....###
♣♣......##.........###
###.........##
♣.......#...........#
.##8.)..)....!#
♣.......'...........#
.#8o).)..)..!#
♣..∩.∩..'.....⌠)....#
...'.....⌠....∩#
♣♣.......'.....))....#
o..#8.........!#
♣........#......)....#
o.##8........?!#
♣♣♣......##.....)...### .
###........!##
♣....♣♣♣###...).###.###
###)###.....###


You could see an orc warlord and a goblin.

Vanquished Creatures
  Erolcha (D:9)
  The ghost of Zigma the Grappler, a journeyman DrMo of Ashenzari (Bailey)
  2 two-headed ogres
  Sonja (D:10)
  Pikel (D:9)
  Joseph (D:9)
  A troll (D:10)
  Grinder (D:4)
  2 hippogriffs
  2 hungry ghosts
  A water moccasin (D:7)
  10 orc warriors
  A slave (D:9)
  An ice beast (D:7)
  A sky beast (D:9)
  2 black bears
  2 ogres
  2 centaurs
  3 bullfrogs
  A gnoll sergeant (D:7)
  2 scorpions
  4 crimson imps
  A bullfrog zombie (D:7)
  A centaur zombie (D:10)
  2 jellies
  5 hounds
  5 orc priests
  The ghost of Heronymous the Scratcher, a weakling FeTm (D:3)
  A gnoll shaman (D:9)
  3 orc wizards
  Crazy Yiuf (D:2)
  A bullfrog skeleton (D:4)
  6 iguanas
  4 worker ants
  A hound zombie (D:5)
  2 hound skeletons
  A worker ant zombie (D:5)
  15 gnolls
  A howler monkey skeleton (D:7)
  7 adders
  2 shadow imps
  2 oozes
  6 worms
  7 dart slugs
  2 leopard geckos
  32 orcs
  4 giant cockroaches
  19 goblins
  21 hobgoblins
  23 jackals
  8 kobolds
  3 quokkas
  2 ball pythons
  A bat (D:1)
  6 frilled lizards
  4 rats
243 creatures vanquished.

Vanquished Creatures (collateral kills)
  A two-headed ogre (D:8)
  An orc warrior (Bailey)
  An ogre (D:9)
  A bullfrog (D:6)
  An orc wizard (D:3)
  A gnoll (Bailey)
  2 orcs
  3 hobgoblins (Bailey)
  2 jackals (D:4)
  A kobold (D:3)
14 creatures vanquished.

Vanquished Creatures (others)
  An orc (D:9)
1 creature vanquished.

Grand Total: 258 creatures vanquished

Notes
Turn   | Place    | Note
-------+----------+-------------------------------------------
     0 | D:1      | Heronymous the Demonspawn Transmuter began the quest for the Orb.
     0 | D:1      | Reached XP level 1. HP: 15/15 MP: 3/3
   152 | D:1      | Reached skill level 3 in Unarmed Combat
   385 | D:1      | Gained mutation: You have sharp fingernails. [demonic ancestry]
   385 | D:1      | Reached XP level 2. HP: 17/21 MP: 5/5
   929 | D:2      | Gained mutation: You have very sharp fingernails. [demonic ancestry]
   929 | D:2      | Reached XP level 3. HP: 9/26 MP: 6/6
  1117 | D:2      | Found a runed door.
  1347 | D:2      | Found a basalt altar of Yredelemnul.
  1579 | D:2      | Gained mutation: You have claws for hands. [demonic ancestry]
  1579 | D:2      | Reached XP level 4. HP: 4/32 MP: 7/7
  1969 | D:2      | Reached skill level 4 in Unarmed Combat
  2473 | D:2      | Found a blossoming altar of Fedhas.
  2644 | D:2      | Noticed Crazy Yiuf
  2650 | D:2      | Killed Crazy Yiuf
  2903 | D:3      | Noticed Heronymous's ghost (weakling FeTm)
  2914 | D:3      | Killed Heronymous's ghost
  2914 | D:3      | Gained mutation: A weak demonic guardian rushes to your aid. [demonic ancestry]
  2914 | D:3      | Reached XP level 5. HP: 17/37 MP: 6/8
  3026 | D:3      | Reached skill level 1 in Stealth
  3251 | D:3      | Found a white marble altar of Elyvilon.
  3300 | D:3      | Found a sacrificial altar of Ru.
  3572 | D:3      | Found a snail-covered altar of Cheibriados.
  3615 | D:3      | Reached skill level 5 in Unarmed Combat
  4157 | D:4      | Noticed an ogre
  4162 | D:4      | Killed an ogre
  4162 | D:4      | Reached XP level 6. HP: 35/43 MP: 9/9
  4179 | D:4      | Found a staircase to the Ecumenical Temple.
  4193 | Temple   | Entered the Ecumenical Temple
  4732 | D:4      | Found a deep blue altar of Sif Muna.
  5682 | D:4      | Noticed Grinder
  5688 | D:4      | Paralysed by Grinder for 7 turns
  5694 | D:4      | HP: 1/43 [Grinder (3)]
  6077 | D:4      | Found a shadowy altar of Dithmenos.
  6109 | D:4      | Gained mutation: Your muscles are strong. (Str +2) [potion of mutation]
  6109 | D:4      | Gained mutation: Your magical capacity is low. (-10% MP) [potion of mutation]
  6109 | D:4      | Gained mutation: You have large cloven feet. [potion of mutation]
  6116 | D:4      | Gained mutation: You are partially covered in iridescent scales. (AC +2) [demonic ancestry]
  6116 | D:4      | Reached XP level 7. HP: 3/48 MP: 9/9
  6469 | D:4      | Reached skill level 6 in Unarmed Combat
  6523 | D:4      | Killed Grinder
  6665 | D:4      | Noticed an angel
  6666 | D:4      | Found a shimmering altar of Xom.
  6666 | D:4      | Found a glowing silver altar of Zin.
  6796 | D:4      | Found a stormy altar of Qazlal.
  7044 | D:5      | Entered Level 5 of the Dungeon
  7284 | D:5      | Noticed a two-headed ogre
  7295 | D:5      | Killed a two-headed ogre
  7295 | D:5      | Reached skill level 7 in Unarmed Combat
  7295 | D:5      | Reached skill level 1 in Evocations
  7295 | D:5      | Gained mutation: You are mostly covered in iridescent scales. (AC +4) [demonic ancestry]
  7295 | D:5      | Reached XP level 8. HP: 40/57 MP: 11/11
  7580 | D:4      | Became a worshipper of Dithmenos the Shadowed
  8369 | D:6      | Found an ornate altar of the Wu Jian Council.
  8404 | D:6      | Reached skill level 5 in Stealth
  8573 | D:7      | Reached * piety under Dithmenos
  8660 | D:7      | Reached skill level 8 in Unarmed Combat
  8868 | D:7      | Noticed a hippogriff
  8875 | D:7      | Killed a hippogriff
  8875 | D:7      | Gained mutation: You regenerate a little health from kills. [demonic ancestry]
  8875 | D:7      | Reached XP level 9. HP: 48/62 MP: 12/12
  9063 | D:7      | Found a white marble altar of Elyvilon.
  9555 | D:7      | Found an ancient bone altar of Kikubaaqudgha.
  9901 | D:8      | Identified a scroll of acquirement
  9902 | D:8      | Got a pitted ivory amulet
  9903 | D:8      | Identified the amulet of a Billion Lovers {Faith Str+4} (You acquired it on level 8 of the Dungeon)
 10045 | D:8      | Noticed a two-headed ogre
 10054 | D:8      | Killed a two-headed ogre
 10054 | D:8      | Reached skill level 5 in Dodging
 10054 | D:8      | Reached skill level 9 in Unarmed Combat
 10982 | D:9      | Noticed Erolcha
 10985 | D:9      | Paralysed by Erolcha for 3 turns
 10990 | D:9      | Noticed a two-headed ogre
 11010 | D:9      | Killed a two-headed ogre
 11010 | D:9      | Reached skill level 10 in Unarmed Combat
 11010 | D:9      | Reached XP level 10. HP: 33/70 MP: 13/13
 11296 | D:9      | Killed Erolcha
 11296 | D:9      | Reached ** piety under Dithmenos
 11447 | D:9      | Noticed Joseph
 11458 | D:9      | Killed Joseph
 11626 | D:9      | Found a shattered altar of Ashenzari.
 11694 | D:9      | Noticed Pikel
 11706 | D:9      | Killed Pikel
 11917 | D:9      | Got a ripped robe
 11920 | D:9      | Identified the cursed +1 robe of Beauty {rPois Int+3 Stlth+} (You found it on level 9 of the Dungeon)
 12121 | D:10     | Entered Level 10 of the Dungeon
 12210 | D:10     | Found Ummoti's Distillery.
 12235 | D:10     | Bought a potion of heal wounds for 75 gold pieces
 12235 | D:10     | Bought a potion of curing for 45 gold pieces
 12235 | D:10     | Bought a potion of heal wounds for 75 gold pieces
 12235 | D:10     | Bought a potion of invisibility for 120 gold pieces
 12235 | D:10     | Bought a potion of mutation for 120 gold pieces
 12235 | D:10     | Bought 2 potions of agility for 120 gold pieces
 12745 | D:10     | Reached skill level 11 in Unarmed Combat
 12969 | D:10     | Noticed Sonja
 13024 | D:10     | Killed Sonja
 13050 | D:10     | Identified Vehumet's Grimoire of Battle Magic
 13353 | D:11     | Found a flagged portal.
 13362 | Bailey   | Entered a bailey
 13413 | Bailey   | Noticed Zigma's ghost (journeyman DrMo)
 13457 | Bailey   | Killed Zigma's ghost
 13457 | Bailey   | Reached XP level 11. HP: 71/78 MP: 14/14
 13594 | Bailey   | Reached *** piety under Dithmenos
 13887 | Bailey   | Noticed an orc knight
 13888 | Bailey   | Noticed an orc warlord
 13888 | Bailey   | Noticed dricus's ghost (novice DsGl)
 13996 | Bailey   | Reached **** piety under Dithmenos
 14133 | Bailey   | Mangled by an orc warlord

Vault maps used:
D:1:      minmay_arrival_jagged, minmay_misc_feat_nine_boxes
D:2:      lemuel_crystal_altar, old_standard_altar, first_bread,
          uniq_crazy_yiuf_cottage
D:3:      kennysheep_slug_shrine, nicolae_ru_sacrificial_ziggurat,
          grunt_ministairs_11, elyvilon_altar_4
D:4:      grunt_temple_overflow_order_and_chaos_1, lemuel_doored_altar,
          grunt_dithmenos_shadows, overflow_temple_1_default,
          minmay_temple_entry_hall, minmay_item_behind_shaft, uniq_grinder
D:5:      minmay_misc_feat_pillars, minmay_misc_feat_tower
D:6:      lemuel_coloured_pillars_altar
D:7:      nicolae_overflow_hidden_temple, nicolae_overflow_crystal_walls
D:9:      evilmike_ruin_ashenzari, uniq_pikel, uniq_joseph, uniq_erolcha
D:10:     serial_shops, shop, uniq_sonja
D:11:     lair_entry_dummy, enter_bailey_2, grunt_ogre_cave, minivault_26,
          nicolae_qazlal_general_emergency
Temple:   grunt_temple_mini_profane
Bailey:   bailey_axe_minmay_hex_keep, bailey

Skill      XL: |  1  2  3  4  5  6  7  8  9 10 |
---------------+-------------------------------+-----
Unarmed Combat | 3 4 5 7 8 10 11 | 11.5
Dodging        | 2 3 4 5 6 |  6.8
Transmutations | 2 3 |  3.1
Stealth        | 1 2 4 5 6 7 |  7.8
Fighting       | 2 3 4 |  4.4
Evocations     | 1 |  1.4
Spellcasting   | 3 |  3.6

Action                   |  1- 3 |  4- 6 |  7- 9 | 10-12 || total
-------------------------+-------+-------+-------+-------++-------
Melee: Unarmed           |   100 |   172 |   219 |   298 ||   789
       Punch             |     3 |       |     4 |    10 ||    17
       Kick              |       |     8 |    60 |    81 ||   149
       Headbutt          |       |     2 |     4 |     8 ||    14
 Cast: Beastly Appendage |       |     7 |     5 |     7 ||    19
Evoke: Wand              |       |     1 |     5 |       ||     6
  Use: Scroll            |     4 |    12 |     6 |     5 ||    27
       Potion            |     1 |     8 |     1 |    16 ||    26
 Stab: Sleeping          |     2 |     2 |    10 |    10 ||    24
       Invisible         |     1 |       |       |       ||     1
       Distracted        |       |       |     2 |     8 ||    10
  Eat: Bread ration      |     1 |       |       |       ||     1
       Meat ration       |       |     2 |     1 |     2 ||     5
       Chunk             |       |     1 |     8 |     6 ||    15
       Fruit             |       |     1 |     3 |     1 ||     5
Armor: Robe              |     6 |    26 |    37 |    54 ||   123
       Skin              |       |       |       |     8 ||     8
Dodge: Dodged            |    54 |   110 |   144 |   219 ||   527

Table legend:
 A = Spawn XP
 B = Non-spawn XP
 C = Spawn XP percentage of total XP
 D = Spawn monster count
 E = Non-spawn monster count
 F = Spawn count percentage of total count
 G = Total turns spent on level
                    A         B        C        D         E        F      G
               +---------+---------+-------+---------+---------+-------+---------
         Total |       0 |   13120 |   0.0 |       0 |     256 |   0.0 | 14133
               +---------+---------+-------+---------+---------+-------+---------
           D:1 |       0 |      40 |   0.0 |       0 |      17 |   0.0 |   920
           D:2 |       0 |     141 |   0.0 |       0 |      25 |   0.0 |  1938
           D:3 |       0 |     165 |   0.0 |       0 |      26 |   0.0 |  1295
           D:4 |       0 |     799 |   0.0 |       0 |      23 |   0.0 |  2649
           D:5 |       0 |    1216 |   0.0 |       0 |      17 |   0.0 |   886
           D:6 |       0 |     258 |   0.0 |       0 |      14 |   0.0 |   513
           D:7 |       0 |    1250 |   0.0 |       0 |      26 |   0.0 |  1181
           D:8 |       0 |    1233 |   0.0 |       0 |       6 |   0.0 |  1108
           D:9 |       0 |    3924 |   0.0 |       0 |      23 |   0.0 |  1263
          D:10 |       0 |    1666 |   0.0 |       0 |      16 |   0.0 |  1232
          D:11 |       0 |      42 |   0.0 |       0 |       1 |   0.0 |     9
        Bailey |       0 |    2386 |   0.0 |       0 |      62 |   0.0 |   771
               +---------+---------+-------+---------+---------+-------+---------
